 Dungeon Crawl Stone Soup version 0.23.2-1-ga50397a (webtiles) character file.

Game seed: 17621932267576486761

47219 Kairos the Geomancer (level 14, -5/101 HPs)
             Began as a Formicid Earth Elementalist on Apr 15, 2019.
             Was a Priest of Sif Muna.
             Slain by a salamander
             ... wielding a +0 glaive
              (13 damage)
             ... on level 1 of the Snake Pit on Apr 16, 2019.
             The game lasted 01:51:24 (28090 turns).

Kairos the Geomancer (Formicid Earth Elementalist) Turns: 28090, Time: 01:51:25

Health: -5/101     AC: 22    Str: 15    XL:     14   Next: 80%
Magic:  1/30       EV: 10    Int: 22    God:    Sif Muna [***...]
Gold:   1298       SH:  7    Dex: 20    Spells: 16/37 levels left

rFire    . . .     SeeInvis +   I - +2 quarterstaff (flame)
rCold    . . .     Gourm    .   m - +2 buckler
rNeg     . . .     Faith    .   o - +3 chain mail {rPois}
rPois    +         Spirit   .   (helmet unavailable)
rElec    .         Reflect  .   O - +0 cloak
rCorr    .         Harm     .   j - +2 pair of gloves
MR       ++...                  (no boots)
Stlth    +.........             T - amulet of the acrobat
HPRegen  0.26/turn              W - ring of wizardry
MPRegen  0.22/turn              X - ring "Ripenl Cuekh" {MR+ Dex+7}

@: divine energy
A: permanent stasis, dig shafts and tunnels, four strong arms, antennae 3, slimy
green scales 1, agile 1, clever 1, strong 1
a: Dig, Shaft Self, Stop Divine Energy, Channel Magic, Renounce Religion


You were on level 1 of the Snake Pit.
You worshipped Sif Muna.
Sif Muna was most pleased with you.
You were not hungry.

You visited 4 branches of the dungeon, and saw 20 of its levels.
You also visited: Ossuary.

You collected 1298 gold pieces.

Inventory:

Hand Weapons
 f - a +2 dagger of speed
 F - a +1 dire flail of holy wrath
 I - a +2 quarterstaff of flaming (weapon)
Missiles
 b - 145 stones (quivered)
 E - 6 silver tomahawks
Armour
 j - a +2 pair of gloves (worn)
 m - a +2 buckler (worn)
 o - a +3 chain mail of poison resistance (worn)
 O - a +0 cloak (worn)
 S - the +2 leather armour of the Monkey {rC+ Dex+7}
   (You found it on level 4 of the Lair of Beasts)

   It affects your dexterity (+7).
   It protects you from cold.
 U - a cursed +0 shield
Magical Staves
 M - an uncursed staff of cold
Jewellery
 n - an uncursed ring of ice
 w - an uncursed ring of protection from magic
 B - a +3 ring of strength
 J - an uncursed ring of resist corrosion
 T - an amulet of the acrobat (around neck)
 W - a ring of wizardry (left hand)
 X - the ring "Ripenl Cuekh" (right hand) {MR+ Dex+7}
   (You found it on level 1 of the Lair of Beasts)

   [ring of protection from magic]

   It affects your dexterity (+7).
   It affects your resistance to hostile enchantments.
Wands
 c - a wand of scattershot (4)
 u - a wand of enslavement (17)
 G - a wand of flame (19)
 H - a wand of iceblast (14)
 N - a wand of digging (15)
 P - a wand of acid (9)
 Y - a wand of disintegration (25)
 Z - a wand of polymorph (8)
Scrolls
 g - 9 scrolls of remove curse
 i - 9 scrolls of teleportation
 l - 4 scrolls of amnesia
 p - 4 scrolls of fog
 v - 4 scrolls of enchant armour
 y - 2 scrolls of fear
Potions
 e - 3 potions of heal wounds
 h - a potion of might
 k - 8 potions of curing
 q - 3 potions of cancellation
 r - 3 potions of resistance
 s - a potion of mutation
 t - 2 potions of magic
 x - 2 potions of agility
 z - 5 potions of haste {unknown}
 A - 3 potions of flight {unknown}
 D - 5 potions of brilliance {unknown}
 K - a potion of invisibility {unknown}
 R - 3 potions of lignification {unknown}
Miscellaneous
 a - a fan of gales
 C - a phial of floods
Comestibles
 d - 27 rations
 L - 7 chunks of flesh


   Skills:
 + Level 6.6 Fighting
 + Level 2.5 Short Blades
   Level 4.6(5.9) Polearms
 + Level 5.7(6.4) Staves
 + Level 12.4 Armour
 + Level 5.1 Dodging
 + Level 6.7 Stealth
 * Level 1.8 Shields
 + Level 12.1 Spellcasting
 + Level 5.3 Conjurations
 - Level 4.8 Transmutations
 + Level 0.2 Ice Magic
 - Level 14.0 Earth Magic
 + Level 3.0 Invocations
 + Level 1.5 Evocations


You had 16 spell levels left.
You knew the following spells:

 Your Spells              Type           Power        Failure   Level  Hunger
a - Sandblast             Erth           ######       1%          1    None
b - Stone Arrow           Conj/Erth      ######       1%          3    None
c - Passwall              Tmut/Erth      ######..     1%          2    None
d - Lee's Rapid Deconstr  Erth           ######....   1%          5    ####...
e - Ozocubu's Armour      Chrm/Ice       ##......     52%         3    None
f - Regeneration          Chrm/Necr      ##........   52%         3    None
g - Petrify               Tmut/Erth      ######..     4%          4    None

Your spell library contained the following spells:

 Spells                   Type           Power        Failure   Level  Hunger
 Beastly Appendage        Tmut           ####..       3%          1    None
 Sticks to Snakes         Tmut           ####....     4%          2    None
 Throw Frost              Conj/Ice       ####..       11%         2    None
 Freeze                   Ice            ##..         21%         1    None
 Animate Skeleton         Necr           N/A          22%         1    None
 Apportation              Tloc           ##....       22%         1    None
 Confusing Touch          Hex            ##....       22%         1    None
 Pain                     Necr           ##..         22%         1    None
 Summon Small Mammal      Summ           ##..         22%         1    None
 Spider Form              Tmut/Pois      ###.......   26%         3    None
 Vampiric Draining        Necr           ##........   52%         3    None
 Throw Icicle             Conj/Ice       ####....     54%         4    None
 Ice Form                 Ice/Tmut       ###.....     58%         4    None
 Blade Hands              Tmut           ####......   61%         5    ####...
 Summon Ice Beast         Ice/Summ       ##......     88%         4    None
 Animate Dead             Necr           N/A          89%         4    None


Dungeon Overview and Level Annotations

Branches:
Dungeon (12/15)            Temple (1/1) D:6            Lair (6/6) D:9
 Shoals (0/4) Lair:4        Snake (1/4) Lair:2        Slime (0/5) Lair:6
    Orc: D:9-12

Altars:
Ashenzari
Cheibriados
Dithmenos
Elyvilon
Fedhas
Gozag
Hepliaklqana
Kikubaaqudgha
Makhleb
Nemelex Xobeh
Okawaru
Qazlal
Ru
Sif Muna
Trog
Uskayaw
Vehumet
Wu Jian
Xom
Yredelemnul
Zin
The Shining One
Jiyva

Annotations:
Lair:3 exclusion: 2 oklob plants


Innate Abilities, Weirdness & Mutations

You cannot be hasted, slowed, berserked, paralysed or teleported.
You can dig through walls and to a lower floor.
Your four strong arms can wield two-handed weapons with a shield.
You have a pair of large antennae on your head. (SInv)
You are partially covered in slimy green scales. (AC +2)
You are agile. (Dex +2)
Your mind is acute. (Int +2)
Your muscles are strong. (Str +2)


Message History

The anaconda bites you but does no damage.
The anaconda constricts you. The anaconda loses its grip on you.
You block the guardian serpent's attack.
The salamander hits you from afar with a +0 glaive.
* * * LOW HITPOINT WARNING * * *
You are engulfed in flames!
* * * LOW HITPOINT WARNING * * *
You regain access to your magic.
The anaconda closely misses you.
The anaconda bites you but does no damage.
The guardian serpent gestures with its tail.
The shock serpent blinks!
The naga warrior blinks!
The naga blinks!
You block the anaconda's attack. x2
The naga warrior hits you with a +0 glaive.
* * * LOW HITPOINT WARNING * * *
The naga warrior closely misses you.
The salamander hits you from afar with a +0 glaive.
* * * LOW HITPOINT WARNING * * *
You are engulfed in flames!
You die...

############ #.##.......
#.........# #.........##
......^.# ##..........#
........####..........#
..........§.§........#
.........##.#.NSSN..#
...{.N...##.#.SN@S###
....S....#..#..###.####
.....N(.##.#######....###.
#.#...#####........#
##.N....##..........#
#........##........##
#..........##.........#
#.............#.........#
..S............##########.


You could see a naga warrior, a salamander, an anaconda, a shock serpent
(petrified), a mana viper, a guardian serpent and a naga.

Vanquished Creatures
  2 hydras (Lair:6)
  A catoblepas (Lair:1)
  4 two-headed ogres
  Erica (D:10)
  Sonja (Lair:1)
  An unseen horror (D:12)
  A wolf spider (Lair:6)
  A cyclops (D:11)
  A guardian serpent (Lair:6)
  Maurice (D:8)
  8 black mambas
  Psyche (D:8)
  6 elephants
  2 torpor snails (Lair:6)
  16 spiny frogs
  8 komodo dragons
  A polar bear (Lair:5)
  3 merfolk (Lair:4)
  8 blink frogs
  8 hippogriffs
  3 hornets
  9 dream sheep
  Sigmund (D:2)
  3 redbacks (Lair:6)
  12 wyverns
  A spriggan (D:8)
  48 yaks
  A wraith (D:11)
  Grum (D:10)
  A naga (Snake:1)
  20 water moccasins
  2 black bears
  7 porcupines
  4 ice beasts
  2 orc warriors
  4 sky beasts
  A phantom (D:7)
  12 wolves
  8 centaurs
  6 ogres
  9 crocodiles
  3 big kobolds
  12 bullfrogs
  Blork the orc (D:4)
  A scorpion (D:7)
  A wyvern skeleton (D:7)
  14 killer bees
  2 howler monkeys
  7 crimson imps
  5 centaur zombies
  A jelly (D:12)
  3 quasits
  2 centaur skeletons
  2 orc priests
  2 bullfrog skeletons
  4 hounds
  9 orc wizards
  Terence (D:2)
  4 iguanas
  7 worker ants
  A big kobold zombie (Ossuary)
  3 hound skeletons
  2 mummies (Ossuary)
  14 adders
  A howler monkey skeleton (D:4)
  3 shadow imps
  An ooze (D:4)
  5 adder skeletons
  4 worms
  4 dart slugs
  4 leopard geckos
  30 orcs
  2 ball pythons
  4 giant cockroaches
  7 goblins (D:1)
  6 hobgoblins
  18 jackals
  8 quokkas
  4 bats
  A frilled lizard (D:3)
  A goblin zombie (Ossuary)
  9 hobgoblin zombies (Ossuary)
  5 jackal zombies (Ossuary)
  15 kobolds
  9 kobold zombies (Ossuary)
  11 orc zombies (Ossuary)
  3 rats
  3 fungi
  2 plants
491 creatures vanquished.

Vanquished Creatures (others)
  18 fungi
  19 plants
37 creatures vanquished.

Grand Total: 528 creatures vanquished

Notes
Turn   | Place    | Note
-------+----------+-------------------------------------------
     0 | D:1      | Kairos the Formicid Earth Elementalist began the quest for
                  | the Orb.
     0 | D:1      | Reached XP level 1. HP: 13/13 MP: 3/3
   164 | D:1      | Reached XP level 2. HP: 19/19 MP: 1/5
   184 | D:1      | Reached skill level 4 in Earth Magic
   525 | D:1      | Reached XP level 3. HP: 24/24 MP: 3/6
  1242 | D:2      | Reached XP level 4. HP: 28/31 MP: 3/8
  1373 | D:2      | Noticed Terence
  1683 | D:2      | Noticed Sigmund
  1747 | D:2      | Reached skill level 1 in Short Blades
  3425 | D:3      | Found a sacrificial altar of Ru.
  3860 | D:3      | Reached XP level 5. HP: 36/36 MP: 7/9
  3935 | D:3      | Learned a level 3 spell: Stone Arrow
  3936 | D:4      | Noticed Blork the orc
  3941 | D:4      | Killed Blork the orc
  3941 | D:4      | Reached skill level 1 in Armour
  3941 | D:4      | Reached skill level 5 in Earth Magic
  4053 | D:4      | Noticed an ogre
  4057 | D:4      | Killed an ogre
  4057 | D:4      | Reached XP level 6. HP: 42/42 MP: 6/11
  4061 | D:4      | Found a shattered altar of Ashenzari.
  4237 | D:4      | Found a sand-covered staircase.
  4252 | Ossuary  | Entered an ossuary
  4923 | Ossuary  | Reached skill level 1 in Fighting
  5282 | D:4      | Reached XP level 7. HP: 48/48 MP: 11/13
  5449 | D:4      | Reached skill level 5 in Armour
  5449 | D:4      | Reached skill level 5 in Spellcasting
  5449 | D:4      | Reached skill level 7 in Earth Magic
  5449 | D:4      | Reached XP level 8. HP: 61/61 MP: 13/16
  5559 | D:2      | Killed Sigmund
  5559 | D:2      | Reached skill level 8 in Earth Magic
  5885 | D:2      | Killed Terence
  5999 | D:5      | Entered Level 5 of the Dungeon
  6712 | D:5      | Reached XP level 9. HP: 67/67 MP: 3/18
  6809 | D:6      | Found a radiant altar of Vehumet.
  6976 | D:6      | Found Seunioff's Gadget Shoppe.
  6984 | D:6      | You fall through a shaft!
  7000 | D:6      | HP: 1/67 [orc warrior/+0 dire flail (19)]
  7353 | D:6      | Found a staircase to the Ecumenical Temple.
  7364 | Temple   | Entered the Ecumenical Temple
  7525 | Temple   | Became a worshipper of Sif Muna the Loreminder
  7589 | D:6      | Found a glowing silver altar of Zin.
  7589 | D:6      | Noticed an angel
  7804 | D:6      | Found a hazy altar of Hepliaklqana.
  8517 | D:6      | Found a blossoming altar of Fedhas.
  9225 | D:7      | Reached skill level 5 in Fighting
  9233 | D:7      | Found a stormy altar of Qazlal.
  9429 | D:7      | Reached XP level 10. HP: 40/74 MP: 13/20
  9786 | D:7      | Noticed a two-headed ogre
  9799 | D:7      | Killed a two-headed ogre
 10082 | D:7      | Reached skill level 9 in Earth Magic
 10147 | D:7      | Reached * piety under Sif Muna
 10383 | D:8      | Found a sacrificial altar of Ru.
 10482 | D:8      | Noticed a two-headed ogre
 10492 | D:8      | Killed a two-headed ogre
 10947 | D:8      | Noticed Joseph
 11975 | D:8      | Reached XP level 11. HP: 79/80 MP: 12/23
 11980 | D:8      | Noticed Psyche
 11992 | D:8      | Noticed Maurice
 11997 | D:8      | Killed Psyche
 12016 | D:8      | Killed Maurice
 12016 | D:8      | Reached skill level 1 in Evocations
 12494 | D:8      | Noticed Joseph
 12494 | D:8      | Joseph changed into Joseph the big kobold
 12503 | D:8      | Killed Joseph the big kobold
 12503 | D:8      | Reached skill level 1 in Staves
 12659 | D:9      | Noticed Erolcha
 12660 | D:9      | Noticed Erolcha
 12660 | D:9      | Erolcha changed into Erolcha the ice beast
 12666 | D:9      | Killed Erolcha the ice beast
 12720 | D:9      | Found a staircase to the Lair.
 12809 | D:9      | Found a shadowy altar of Dithmenos.
 13326 | D:9      | Reached ** piety under Sif Muna
 13362 | D:9      | Gained mutation: You possess an exceptional clarity of
                  | mind. [potion of mutation]
 13362 | D:9      | Gained mutation: Your body sometimes deteriorates upon
                  | taking damage. [potion of mutation]
 13362 | D:9      | Lost mutation: You possess an exceptional clarity of mind.
                  | [potion of mutation]
 13362 | D:9      | Gained mutation: You possess an exceptional clarity of
                  | mind. [potion of mutation]
 13363 | D:9      | Lost mutation: Your body sometimes deteriorates upon taking
                  | damage. [potion of mutation]
 13363 | D:9      | Lost mutation: You possess an exceptional clarity of mind.
                  | [potion of mutation]
 13363 | D:9      | Gained mutation: You occasionally shout uncontrollably at
                  | your foes. [potion of mutation]
 13363 | D:9      | Gained mutation: You are weak. (Str -2) [potion of
                  | mutation]
 13363 | D:9      | Gained mutation: You passively map a small area around you.
                  | [potion of mutation]
 13363 | D:9      | Gained mutation: You are partially covered in slimy green
                  | scales. (AC +2) [potion of mutation]
 13364 | D:9      | Lost mutation: You occasionally shout uncontrollably at
                  | your foes. [potion of mutation]
 13364 | D:9      | Lost mutation: You are weak. (Str -2) [potion of mutation]
 13364 | D:9      | Lost mutation: You passively map a small area around you.
                  | [potion of mutation]
 13364 | D:9      | Gained mutation: Your muscles are strong. (Str +2) [potion
                  | of mutation]
 13364 | D:9      | Gained mutation: Your mind is acute. (Int +2) [potion of
                  | mutation]
 13364 | D:9      | Gained mutation: You are agile. (Dex +2) [potion of
                  | mutation]
 13649 | D:9      | You fall through a shaft for 3 floors!
 13785 | D:11     | Noticed a cyclops
 13799 | D:12     | Noticed an unseen horror
 13804 | D:12     | Killed an unseen horror
 13804 | D:12     | Reached skill level 10 in Earth Magic
 13965 | D:11     | Noticed a cyclops
 13982 | D:11     | Killed a cyclops
 15160 | D:10     | Entered Level 10 of the Dungeon
 15352 | D:10     | Noticed Erica
 15361 | D:10     | Killed Erica
 15361 | D:10     | Reached XP level 12. HP: 77/87 MP: 21/25
 16211 | D:10     | Reached *** piety under Sif Muna
 16216 | D:10     | Noticed a two-headed ogre
 16290 | D:10     | Killed a two-headed ogre
 16701 | D:10     | Noticed Grum
 16770 | D:10     | Killed Grum
 17175 | D:9      | Noticed a two-headed ogre
 17187 | D:9      | Killed a two-headed ogre
 17187 | D:9      | Reached skill level 11 in Earth Magic
 17396 | Lair:1   | Entered Level 1 of the Lair of Beasts
 17518 | Lair:1   | Got a shimmering turquoise ring
 18245 | Lair:1   | Reached skill level 10 in Armour
 18855 | Lair:1   | Noticed Sonja
 18874 | Lair:1   | Killed Sonja
 18874 | Lair:1   | Reached skill level 5 in Dodging
 19230 | Lair:1   | Identified the ring "Ripenl Cuekh" {MR+ Dex+7} (You found
                  | it on level 1 of the Lair of Beasts)
 19234 | Lair:1   | Learned a level 2 spell: Passwall
 19240 | Lair:1   | Learned a level 5 spell: Lee's Rapid Deconstruction
 19333 | Lair:2   | Reached skill level 10 in Spellcasting
 19333 | Lair:2   | Reached XP level 13. HP: 94/94 MP: 19/27
 19446 | Lair:2   | Reached skill level 5 in Staves
 19496 | Lair:2   | Reached skill level 5 in Conjurations
 19863 | Lair:1   | Noticed a catoblepas
 19922 | Lair:1   | Killed a catoblepas
 20758 | Lair:2   | Found a staircase to the Snake Pit.
 21051 | Lair:2   | Reached skill level 1 in Invocations
 21112 | Lair:2   | Reached skill level 12 in Earth Magic
 21796 | Lair:3   | Reached **** piety under Sif Muna
 22758 | Lair:4   | Got a brightly glowing leather armour
 22769 | Lair:4   | Identified the +2 leather armour of the Monkey {rC+ Dex+7}
                  | (You found it on level 4 of the Lair of Beasts)
 22791 | Lair:4   | Learned a level 3 spell: Ozocubu's Armour
 23290 | Lair:4   | Found a staircase to the Shoals.
 23946 | Lair:5   | Reached XP level 14. HP: 101/101 MP: 22/29
 24003 | Lair:5   | Learned a level 3 spell: Regeneration
 24082 | Lair:5   | Reached skill level 13 in Earth Magic
 24587 | Lair:6   | Entered Level 6 of the Lair of Beasts
 24682 | Lair:6   | Reached skill level 1 in Shields
 25205 | Lair:6   | Learned a level 4 spell: Petrify
 25344 | Lair:6   | Found a viscous altar of Jiyva.
 25344 | Lair:6   | Found a staircase to the Slime Pits.
 25398 | Lair:6   | Found a snail-covered altar of Cheibriados.
 27295 | Lair:6   | Reached skill level 14 in Earth Magic
 28044 | Snake:1  | Entered Level 1 of the Snake Pit
 28090 | Snake:1  | Slain by a salamander

Skill      XL: |  1  2  3  4  5  6  7  8  9 10 11 12 13 14 |
---------------+-------------------------------------------+-----
Earth Magic    | 4 5 7 8 9 10 11 12 14 | 14.0
Spellcasting   | 3 4 5 6 7 8 9 10 11 12 | 12.1
Short Blades   | 1 2 |  2.5
Dodging        | 2 4 5 |  5.1
Armour         | 1 2 5 7 8 10 11 12 | 12.4
Stealth        | 3 6 |  6.7
Fighting       | 1 4 5 6 |  6.6
Polearms       | 4 |  4.6
Conjurations   | 3 4 5 |  5.3
Transmutations | 4 |  4.8
Evocations     | 1 |  1.5
Staves         | 3 4 5 |  5.7
Invocations    | 2 3 |  3.0
Shields        | 1 |  1.8
Ice Magic      | |  0.2

Action                   |  1- 3 |  4- 6 |  7- 9 | 10-12 | 13-15 || total
-------------------------+-------+-------+-------+-------+-------++-------
Melee: Dagger            |    26 |   304 |       |       |       ||   330
       Halberd           |       |       |    89 |    25 |       ||   114
       Quarterstaff      |       |       |       |   280 |   120 ||   400
       Staff             |       |       |       |       |     7 ||     7
Throw: Stone             |       |     1 |     3 |       |       ||     4
 Cast: Sandblast         |    33 |    74 |    25 |   185 |    15 ||   332
       Stone Arrow       |       |       |    98 |   122 |    98 ||   318
       Lee's Rapid Decon |       |       |       |       |   222 ||   222
       Ozocubu's Armour  |       |       |       |       |     4 ||     4
       Petrify           |       |       |       |       |    23 ||    23
Invok: Divine Energy     |       |       |       |     1 |       ||     1
       Channel Magic     |       |       |       |       |    24 ||    24
 Abil: Dig               |       |     3 |     2 |     9 |    14 ||    28
Evoke: Wand              |       |       |       |    31 |       ||    31
  Use: Scroll            |     2 |     6 |     2 |     6 |    10 ||    26
       Potion            |       |       |     3 |     4 |     1 ||     8
 Stab: Sleeping          |     1 |     1 |       |       |       ||     2
       Paralysed         |       |       |       |    14 |       ||    14
       Petrified         |       |       |       |       |     9 ||     9
  Eat: Chunk             |     1 |     7 |     8 |    20 |    38 ||    74
       Ration            |       |     3 |     2 |     4 |     9 ||    18
Armor: Robe              |     5 |    10 |       |       |       ||    15
       Leather armour    |       |    42 |    26 |       |    12 ||    80
       Chain mail        |       |       |    14 |   311 |    98 ||   423
Dodge: Dodged            |    29 |   190 |    96 |   233 |   229 ||   777
Block: Buckler           |       |       |       |       |    70 ||    70
